 Dungeon Crawl Stone Soup version 0.30-a0-643-g638baaf3f0 (webtiles) character file.

Game seed: 11042310134315220827

93 tilp the Covered (level 5, 0/46 HPs)
             Began as a Meteoran Fighter on Jan 16, 2023.
             Slain by an orc wizard
             ... wielding a +0 dagger
              (1 damage)
             ... on level 3 of the Dungeon.
             The game lasted 00:04:29 (932 turns).

tilp the Covered (Meteoran Fighter)                  Turns: 932, Time: 00:04:29

Health: 0/46       AC:  7    Str: 18    XL:     5   Next: 16%
Magic:  6/6        EV: 10    Int:  9    God:
Gold:   80         SH:  6    Dex: 21    Spells: 4/4 levels left

rFire   . . .      SeeInvis .    a - +0 long sword
rCold   . . .      Faith    .    c - +0 buckler
rNeg    . . .      Spirit   .    b - +0 scale mail
rPois   .          Reflect  .    (no helmet)
rElec   .          Harm     .    (no cloak)
rCorr   .          Rampage  .    (no gloves)
Will    .....                    (no boots)
Stlth   +                        (no amulet)
HPRegen 0.27/turn                q - +6 ring of dexterity
MPRegen 0.10/turn                (no ring)

@: glowing
A: sense surroundings 1, otherworldly, glowing, explore regen
a: no special abilities


You were on level 3 of the Dungeon.
You visited 1 branch of the dungeon, and saw 4 of its levels.

You collected 80 gold pieces.

Inventory:

Hand Weapons
 a - a +0 long sword (weapon)
Missiles
 g - 28 stones (quivered)
 k - 5 poisoned darts
Armour
 b - a +0 scale mail (worn)
 c - a +0 buckler (worn)
Jewellery
 q - a +6 ring of dexterity (left hand)
Scrolls
 e - a scroll of teleportation {unknown}
 f - a scroll of amnesia {unknown}
 i - a scroll of enchant weapon {unknown}
 m - a scroll of silence {unknown}
 o - a scroll of identify
Potions
 d - a potion of might
 h - a potion of flight
 j - 2 potions of curing
 l - a potion of magic {unknown}
 n - a potion of degeneration {unknown}
 p - a potion of ambrosia {unknown}
 r - a potion of invisibility {unknown}


   Skills:
 + Level 3.7 Fighting
 + Level 3.0 Long Blades
 + Level 0.9 Throwing
 - Level 4.0 Armour
 * Level 2.6 Dodging
 + Level 1.0 Stealth
 - Level 4.0 Shields


You had 4 spell levels left.
You didn't know any spells.
Your spell library was empty.

Dungeon Overview and Level Annotations

Branches:
Dungeon (4/15) Zot: 1396
 Temple: D:4-7

Altars:
Fedhas
Kikubaaqudgha

Annotations:
D:4 Grinder


Innate Abilities, Weirdness & Mutations

You passively map a small area around you.
You are easily found by Zot.
You glow in the dark.
You regain HP and MP as you explore.


Message History

No target in view!
No target in view!
No target in view!
You hit something. Something hits you but does no damage.
You miss something. Something hits you. You block something's attack.
You hit something. Something hits you but does no damage.
You miss something. Something hits you but does no damage.
You slash something!
You hear some strange, mumbled words.
A magic dart appears from out of thin air!
The magic dart hits you! Something hits you.
You hit something.
You hear some strange, mumbled words.
A puff of flame appears from out of thin air!
The puff of flame hits you!
You barely miss something. You block something's attack.
You barely miss something.
You hear some strange, mumbled words.
Something tries to affect you, but you resist.
You hit something. Something hits you. Something hits you but does no damage.
You miss something. Something hits you.
You completely miss something. Something hits you but does no damage.
You barely miss something. Something hits you but does no damage.
You hear some strange, mumbled words.
A puff of flame appears from out of thin air!
The puff of flame hits you!
You closely miss something.
You hear some strange, mumbled words.
A magic dart appears from out of thin air!
The magic dart hits you.
* * * LOW HITPOINT WARNING * * *
You closely miss something. Something hits you.
* * * LOW HITPOINT WARNING * * *
You barely miss something.
You hear some strange, mumbled words.
A puff of flame appears from out of thin air!
The puff of flame hits you!
* * * LOW HITPOINT WARNING * * *
You miss something. Something hits you.
You die...

#......#.#...........>.#
#..#####.##...########[#
#..#####.###.## #.# #........#
#.# #<# #.######## #.# #.#
####.# ##'## #.# #....#
##...## #.# .###..# ##...{.##
#.#* ## ##.## ##....@..##
*#.., *
#####..####....)....####...*
.รท........'........>'......,*
#####..####...<.....#### # ..#
##.......## # .# ##.....## * #
..# ##...## * #####..# ##'## ,
.......# #.# ,


There were no monsters in sight!

Vanquished Creatures
  2 adders
  An ufetubus (D:3)
  A worm (D:2)
  2 dart slugs
  6 orcs
  6 ball pythons
  7 endoplasms
  4 giant cockroaches
  4 goblins
  5 hobgoblins
  3 kobolds (D:1)
  2 quokkas (D:1)
  4 bats
  4 frilled lizards
  5 rats
56 creatures vanquished.

Vanquished Creatures (others)
  3 plants (D:3)
  3 withered plants (D:3)
6 creatures vanquished.

Grand Total: 62 creatures vanquished

Notes
Turn   | Place    | Note
-------+----------+-------------------------------------------
     0 | D:1      | tilp the Meteoran Fighter began the quest for the Orb.
     0 | D:1      | Reached XP level 1. HP: 19/19 MP: 2/2
    31 | D:1      | Reached XP level 2. HP: 21/26 MP: 3/3
    49 | D:1      | Reached skill level 1 in Dodging
   115 | D:1      | Reached XP level 3. HP: 21/31 MP: 4/4
   230 | D:3      | Found a blossoming altar of Fedhas.
   265 | D:3      | Found an ancient bone altar of Kikubaaqudgha.
   370 | D:2      | Reached XP level 4. HP: 38/38 MP: 5/5
   555 | D:4      | Noticed Grinder
   631 | D:3      | Reached XP level 5. HP: 33/46 MP: 6/6
   673 | D:3      | Reached skill level 1 in Stealth
   931 | D:3      | HP: 1/46 [something/puff of flame (12)]
   932 | D:3      | Slain by an orc wizard

Illustrated notes

Levels and vault maps discovered:
D:1:      minmay_arrival_jagged, layout_rooms
D:2:      layout_loops_ring, serial_shops, shop, nicolae_shop_stone,
          nicolae_shop_window_shopping
D:3:      layout_loops_corners, kiku_gazebo_garden_becter, fedhas_altar_2,
          led_xom_imps, serial_bayou_ford_a
D:4:      layout_cave_pools, serial_shops, nicolae_shop_window_shopping,
          hangedman_abyss_or_decor_passed, uniq_grinder, uniq_pargi

Skill      XL: |  1  2  3  4  5 |
---------------+----------------+-----
Dodging        | 1 2 |  2.6
Armour         | 4 |  4.0
Long Blades    | 3 |  3.0
Shields        | 4 |  4.0
Stealth        | 1 |  1.0
Fighting       | |  3.7
Throwing       | |  0.9

Action                   |  1- 3 |  4- 6 || total
-------------------------+-------+-------++-------
Melee: Long sword        |    83 |    97 ||   180
  Use: Scroll            |       |     2 ||     2
Armor: Scale mail        |    47 |    53 ||   100
Dodge: Dodged            |    32 |    38 ||    70
Block: Buckler           |    25 |    17 ||    42

Table legend: (Time is in decaauts)
 A = Elapsed time spent in this place.
 B = Non-inter-level travel time spent in this place.
 C = Inter-level travel time spent in this place.
 D = Time resting spent in this place.
 E = Time spent auto-exploring this place.
 F = Levels seen in this place.
 G = Mean time per level.
                   A        B        C        D        E       F      G
               +--------+--------+--------+--------+--------+-----+--------+
         Total |   1002 |    952 |     50 |      0 |      0 |   4 |  250.5 |
       Dungeon |   1002 |    952 |     50 |      0 |      0 |   4 |  250.5 |
               +--------+--------+--------+--------+--------+-----+--------+

Top non-repeatable levels by time:
     D:3: 447 daAuts
     D:2: 246 daAuts
     D:1: 239 daAuts
     D:4: 68 daAuts
